 Dungeon Crawl Stone Soup version 0.22.0 (webtiles) character file.

2482 CyclopB the Slasher (level 9, -15/65 HPs)
             Began as a Mummy Abyssal Knight on Dec 30, 2018.
             Was an Elder of Lugonu.
             Demolished by a komodo dragon (24 damage)
             ... on level 8 of the Dungeon.
             The game lasted 00:41:26 (10534 turns).

CyclopB the Slasher (Mummy Abyssal Knight)         Turns: 10534, Time: 00:41:26

Health: -15/65     AC:  9    Str: 21    XL:     9   Next: 27%
Magic:  12/12      EV: 11    Int:  7    God:    Lugonu [****..]
Gold:   418        SH:  5    Dex: 14    Spells: 8/8 levels left

rFire    + + .     SeeInvis .   v - +8 long sword of Regicide {flame, rF+ MR+ Str+5 Int-4}
rCold    . . .     Gourm    .   (no shield)
rNeg     + + +     Faith    .   F - +0 fire dragon scales
rPois    ∞         Spirit   .   (no helmet)
rElec    .         Reflect  +   (no cloak)
rCorr    .         Harm     .   (no gloves)
MR       +++..                  m - +0 pair of boots
Stlth    +.........             n - +5 amulet of reflection
HPRegen  0.20/turn              w - ring of protection from magic
MPRegen  0.13/turn              A - ring of stealth

@: no status effects
A: no food or potions, fire vulnerability, cold resistance 1, negative energy
resistance 3, torment resistance, unbreathing
a: Depart the Abyss, Bend Space, Banish, Corrupt, Renounce Religion


You were on level 8 of the Dungeon.
You worshipped Lugonu.
Lugonu was greatly pleased with you.
You were not hungry.

You visited 2 branches of the dungeon, and saw 9 of its levels.
You visited the Abyss 1 time.

You collected 418 gold pieces.

Inventory:

Hand Weapons
 a - a +1 mace
 i - a +0 hunting sling
 r - a cursed -2 flail
 s - a +1 flail of crushing
 v - the +8 long sword of Regicide (weapon) {flame, rF+ MR+ Str+5 Int-4}
   (You found it on level 5 of the Dungeon)

   It has been specially enchanted to burn those struck by it, causing extra
   injury to most foes and up to half again as much damage against particularly
   susceptible opponents.
   Big, fiery blades are also staple armaments of hydra-hunters.
   It affects your strength (+5).
   It affects your intelligence (-4).
   It protects you from fire.
   It affects your resistance to hostile enchantments.
 y - the +9 dagger of Mudor {vamp, rC+ Dex+3 Stlth+}
   (You found it on level 7 of the Dungeon)

   It inflicts no extra harm, but heals its wielder when it wounds a living foe.
   It affects your dexterity (+3).
   It protects you from cold.
   It makes you more stealthy.
Missiles
 b - 87 sling bullets
 f - 241 stones (quivered)
 p - 35 bolts
 z - 112 arrows
 B - 5 poisoned needles
 E - 2 tomahawks
Armour
 h - a +0 ring mail
 m - a +0 pair of boots (worn)
 x - a +2 robe of magic resistance
 F - +0 fire dragon scales (worn)
Jewellery
 n - a +5 amulet of reflection (around neck)
 w - a ring of protection from magic (left hand)
 A - a ring of stealth (right hand)
 D - an uncursed amulet of regeneration {unknown}
 H - a +5 ring of dexterity {unknown}
Wands
 t - a wand of paralysis (10)
 C - a wand of iceblast (8)
Scrolls
 c - 4 scrolls of remove curse
 d - 6 scrolls of teleportation
 e - 3 scrolls of enchant weapon
 g - 3 scrolls of fear
 j - 2 scrolls of immolation {unknown}
 k - a scroll of identify
 l - 2 scrolls of amnesia {unknown}
 o - 4 scrolls of enchant armour {unknown}
 q - a scroll of fog {unknown}
 u - a scroll of magic mapping {unknown}
 G - a scroll of noise {unknown}


   Skills:
 - Level 4.2 Fighting
 * Level 7.6 Long Blades
 - Level 4.0 Maces & Flails
 - Level 1.5 Armour
 + Level 3.2 Dodging
 - Level 5.0 Invocations


You had 8 spell levels left.
You didn't know any spells.
Your spell library was empty.

Dungeon Overview and Level Annotations

Branches:
Dungeon (8/15)             Temple (1/1) D:6            Lair (0/6) D:8

Altars:
Cheibriados
Elyvilon
Fedhas
Gozag
Hepliaklqana
Kikubaaqudgha
Makhleb
Nemelex Xobeh
Trog
Vehumet


Innate Abilities, Weirdness & Mutations

You do not eat or drink.
Your flesh is vulnerable to fire.
You are immune to poison.
Your flesh is cold resistant. (rC+)
You are immune to negative energy. (rN+++)
You are immune to unholy pain and torment.
You can survive without breathing.


Message History

The komodo dragon bites the plant!
You hit the plant. You burn the plant.
You destroy the plant!
You barely miss the komodo dragon. The komodo dragon closely misses you.
Your fire dragon scales prevents you from hitting the komodo dragon.
You block the komodo dragon's attack.
You slash the komodo dragon! You burn the komodo dragon.
The komodo dragon is moderately wounded.
The komodo dragon bites you!!
You barely miss the komodo dragon.
The komodo dragon is moderately wounded.
The komodo dragon barely misses you.
You riposte.
You slash the komodo dragon! You burn the komodo dragon.
The komodo dragon is severely wounded.
You slash the komodo dragon! You burn the komodo dragon.
The komodo dragon is almost dead.
The komodo dragon bites you!!
* * * LOW HITPOINT WARNING * * *
The komodo dragon bites you!!
You die...

#.# ##...##
##########.#######....P##
................#.....PP#
###############.#...PPPP#
#.....PPPP# #..P..PPPP#
#....PP.PP# ##..PP..PP#
#@PP..>.P# ##lP.P..P#


#..PPPPP# ##PPPPP## ####### You could see a komodo dragon.

Vanquished Creatures
  A centaur zombie (D:8)
  Duvessa (D:5)
  6 ogres
  2 big kobolds
  4 bullfrogs
  Dowan (D:5)
  3 scorpions
  A howler monkey (D:4)
  A crimson imp (D:7)
  A bullfrog zombie (D:7)
  A jelly (D:4)
  8 orc priests
  3 hounds
  A bullfrog skeleton (D:7)
  2 orc wizards
  3 worker ants
  2 worker ant zombies
  13 adders
  A shadow imp (D:7)
  5 oozes
  5 worms
  2 dart slugs
  5 leopard geckos
  14 orcs
  11 bats
  7 giant cockroaches
  6 goblins
  9 hobgoblins
  25 jackals
  19 kobolds
  2 quokkas
  A ball python (D:2)
  6 frilled lizards
  2 leopard gecko skeletons
  8 rats
  A plant (D:8)
183 creatures vanquished.

Vanquished Creatures (others)
  A plant (D:8)
1 creature vanquished.

Grand Total: 184 creatures vanquished

Notes
Turn   | Place    | Note
-------+----------+-------------------------------------------
     0 | Abyss:1  | CyclopB the Mummy Abyssal Knight began the quest for the Orb.
     0 | Abyss:1  | Reached XP level 1. HP: 18/18 MP: 2/2
    46 | Abyss:1  | Noticed a large abomination
    53 | Abyss:1  | Noticed a large abomination
    74 | Abyss:1  | Noticed a small abomination
    84 | Abyss:1  | Noticed a fire elemental
    84 | Abyss:1  | Noticed a large abomination
    85 | D:1      | Escaped the Abyss
   215 | D:1      | Reached XP level 2. HP: 22/24 MP: 3/3
   260 | D:1      | Reached * piety under Lugonu
   610 | D:1      | Reached XP level 3. HP: 25/29 MP: 4/4
  1547 | D:2      | Reached XP level 4. HP: 35/35 MP: 5/5
  2101 | D:2      | Reached ** piety under Lugonu
  2586 | D:3      | Reached skill level 1 in Dodging
  2871 | D:3      | Reached XP level 5. HP: 33/41 MP: 6/6
  3056 | D:3      | Found an opulent altar of Gozag.
  4057 | D:4      | Found a radiant altar of Vehumet.
  5076 | D:4      | Reached XP level 6. HP: 16/48 MP: 7/7
  5954 | D:5      | Entered Level 5 of the Dungeon
  6031 | D:5      | Noticed Duvessa
  6589 | D:5      | Reached XP level 7. HP: 52/54 MP: 9/9
  6935 | D:5      | Killed Duvessa
  6972 | D:5      | Got a polished long sword
  6973 | D:5      | Identified the +8 long sword of Regicide {flame, rF+ MR+ Str+5 Int-4} (You found it on level 5 of the Dungeon)
  7042 | D:5      | Noticed Dowan
  7172 | D:5      | Killed Dowan
  7172 | D:5      | Reached skill level 1 in Long Blades
  7481 | D:6      | Found a staircase to the Ecumenical Temple.
  7489 | Temple   | Entered the Ecumenical Temple
  7753 | D:6      | Reached skill level 2 in Long Blades
  8621 | D:7      | Reached skill level 5 in Invocations
  8706 | D:7      | Reached *** piety under Lugonu
  8706 | D:7      | Reached skill level 3 in Long Blades
  8706 | D:7      | Reached XP level 8. HP: 60/60 MP: 11/11
  8820 | D:7      | Got a bloodstained dagger
  8906 | D:7      | Reached skill level 4 in Long Blades
  8907 | D:7      | Identified the +9 dagger of Mudor {vamp, rC+ Dex+3 Stlth+} (You found it on level 7 of the Dungeon)
  9092 | D:7      | Reached skill level 5 in Long Blades
  9492 | D:8      | Reached skill level 6 in Long Blades
  9843 | D:8      | Reached **** piety under Lugonu
  9843 | D:8      | Reached XP level 9. HP: 65/65 MP: 12/12
  9964 | D:8      | Found a staircase to the Lair.
 10254 | D:8      | Reached skill level 7 in Long Blades
 10511 | D:8      | Noticed a komodo dragon
 10534 | D:8      | Demolished by a komodo dragon

Skill      XL: |  1  2  3  4  5  6  7  8  9 |
---------------+----------------------------+-----
Maces & Flails | 2 3 4 |  4.0
Dodging        | 1 3 |  3.2
Fighting       | 4 |  4.2
Invocations    | 3 5 |  5.0
Long Blades    | 3 6 7 |  7.6
Armour         | |  1.5

Action                   |  1- 3 |  4- 6 |  7- 9 || total
-------------------------+-------+-------+-------++-------
Melee: Mace              |   118 |   319 |    24 ||   461
       Long sword        |       |       |   169 ||   169
 Fire: Hunting sling     |       |       |     3 ||     3
Throw: Stone             |    17 |    63 |    35 ||   115
Invok: Depart the Abyss  |     1 |       |       ||     1
       Bend Space        |       |       |     1 ||     1
Evoke: Wand              |       |       |     4 ||     4
  Use: Scroll            |       |     4 |     5 ||     9
 Stab: Sleeping          |     1 |       |     2 ||     3
Armor: Leather armour    |    50 |    10 |       ||    60
       Ring mail         |       |    93 |    39 ||   132
       Fire dragon scale |       |       |     6 ||     6
Dodge: Dodged            |    69 |   193 |    76 ||   338
Block: Other             |       |    17 |    37 ||    54
       Reflection        |       |       |     4 ||     4
       Rpst.: Long sword |       |       |    17 ||    17
